 Dungeon Sprint DCSS version 0.17-a0-1738-g82cdc46 (webtiles) character file.

2500000 ztt the Plane Walker (level 22, -7/233 HPs)
             Began as a Ghoul Warper on Aug 30, 2015.
             Was the Champion of Makhleb.
             Mangled by a destroyer
             ... wielding a +9 great sword of slicing
              (9 damage)
             ... in the Dungeon (Sprint VIII: "Arena of Blood").
             The game lasted 00:00:38 (25 turns).

ztt the Plane Walker (Ghoul Warper)                   Turns: 25, Time: 00:00:38

Health: -7/233     AC:  6    Str: 18    XL:     22   Next: 43%
Magic:  7/52       EV: 30    Int:  8    God:    Makhleb [******]
Gold:   0          SH:  0    Dex: 15    Spells: 1 memorised, 74 levels left

rFire  . . .     SeeInvis .     l - +∞ Axe of Woe
rCold  + . .     Clarity  .     b - +0 leather armour
rNeg   + + +     SustAt   .     (no shield)
rPois  ∞         Gourm    .     (no helmet)
rElec  .         Spirit   .     (no cloak)
rCorr  .         Warding  .     (no gloves)
rMut   .         NoTele   +     (no boots)
MR     +....                    (no amulet)
Stlth  +.........               (no ring)
                                (no ring)

@: rotting, somewhat resistant to hostile enchantments, very unstealthy
A: rotting body, claws 1, carnivore 3, cold resistance 1, negative energy
resistance 3, slow healing 1, torment resistance, unbreathing
a: Minor Destruction, Lesser Servant of Makhleb, Major Destruction, Greater
Servant of Makhleb, Renounce Religion


You were in the Dungeon.
You worshipped Makhleb.
Makhleb was exalted by your worship.
You were not hungry.

You visited 1 branch

Inventory:

Hand weapons
 a - a +0 hand axe
 l - the +∞ Axe of Woe (weapon)
   (You found it in the Dungeon)
Missiles
 e - 5 tomahawks of dispersal (quivered)
Armour
 b - a +0 leather armour (worn)
Scrolls
 d - 2 scrolls of blinking
Potions
 g - a potion of curing
 h - a potion of heal wounds
 i - a potion of haste
 j - 2 potions of magic
 k - a potion of berserk rage
Books
 c - a book of Spatial Translocations

   Spells                             Type                      Level
   a - Apportation                    Translocation                1
   b - Blink                          Translocation                2
   c - Shroud of Golubria             Charms/Translocation         2
   d - Portal Projectile              Translocation                3
   e - Teleport Other                 Translocation                3
   f - Passage of Golubria            Translocation                4
Comestibles
 f - a meat ration


   Skills:
 O Level 27 Fighting
 O Level 27 Axes
 O Level 27 Throwing
 O Level 27 Armour
 O Level 27 Dodging
 O Level 27 Spellcasting
 O Level 27 Translocations


You had 74 spell levels left.
You knew the following spells:

 Your Spells              Type           Power        Failure   Level  Hunger
a - Apportation           Tloc           ######....   0%          1    None


Dungeon Overview and Level Annotations

Branches:
Dungeon (1/1)

Altars:
Makhleb


Innate Abilities, Weirdness & Mutations

Your body is rotting away.
You thrive on raw meat.
You are immune to poison.
You have sharp fingernails.
You are carnivorous and can eat meat at any time.
Your flesh is cold resistant.
You are immune to negative energy.
You heal slowly when monsters are visible.
You are immune to unholy pain and torment.
You can survive without breathing.


Message History

Unknown command.
The bag of meat shouts!
You hit the meat berserker.
You dissect the meat berserker like a pig carcass.
You kill the meat berserker!
Makhleb accepts your kill.
You have mastered Throwing!
You have mastered Armour!
You hear a shout! x3
A bag of meat comes into view. It is wielding a +9 war axe.
Unknown command.
A destroyer comes into view.
It is wielding a +9 great sword of slicing.
You hear a shout! x3
The destroyer moves out of view.
The destroyer appears out of thin air!
A destroyer comes into view.
It is wielding a +9 great sword of slicing.
You hear a shout! x4
The destroyer hits you with a +9 great sword of slicing!!!!!
Ouch! That really hurt!
* * * LOW HITPOINT WARNING * * *
x2 The destroyer bites you!
You die...

#.. ..# ...###...
..###.
........###......
#........_.....
..... #.....#
......#_.<._# .
......#.))..#....
#.....V)._.oo.Vo.
.......@###.o..o.
...###.......###.
#.......#
#.......#
..........
...........
...........
...........#


You could see 2 destroyers and 2 bags of meat.

Vanquished Creatures
  8 ogres (D)
  18 orcs (D)
26 creatures vanquished.

Notes
Turn   | Place    | Note
--------------------------------------------------------------
     0 | D        | ztt the Ghoul Warper began the quest for the Orb.
     0 | D        | Reached XP level 1. HP: 17/17 MP: 2/2
     3 | D        | Noticed a bag of meat
     4 | D        | Noticed a meat berserker
     4 | D        | Became a worshipper of Makhleb the Destroyer
     5 | D        | Noticed a bag of meat
     6 | D        | Killed a meat berserker
     6 | D        | Reached skill level 13 in Fighting
     6 | D        | Reached skill level 10 in Dodging
     6 | D        | Reached skill level 20 in Translocations
     6 | D        | Reached XP level 2. HP: 20/44 MP: 2/14
     6 | D        | Reached XP level 3. HP: 22/50 MP: 2/15
     6 | D        | Reached XP level 4. HP: 25/58 MP: 2/17
     6 | D        | Reached XP level 5. HP: 27/64 MP: 2/18
     6 | D        | Reached XP level 6. HP: 30/72 MP: 2/20
     6 | D        | Reached XP level 7. HP: 32/79 MP: 2/21
     6 | D        | Reached XP level 8. HP: 34/86 MP: 2/23
     6 | D        | Reached XP level 9. HP: 36/93 MP: 2/24
     6 | D        | Reached XP level 10. HP: 39/101 MP: 2/25
     6 | D        | Reached XP level 11. HP: 41/107 MP: 2/26
     6 | D        | Reached XP level 12. HP: 44/115 MP: 2/27
     6 | D        | Reached XP level 13. HP: 46/122 MP: 2/28
     7 | D        | Noticed a meat berserker
     7 | D        | Killed a meat berserker
     7 | D        | Acquired Makhleb's first power
     7 | D        | Reached skill level 15 in Fighting
     7 | D        | Reached skill level 5 in Throwing
     7 | D        | Reached skill level 5 in Armour
     7 | D        | Reached skill level 23 in Translocations
     7 | D        | Reached XP level 14. HP: 48/135 MP: 2/30
     7 | D        | Killed a bag of meat
     7 | D        | Reached skill level 24 in Translocations
     7 | D        | Reached XP level 15. HP: 50/145 MP: 2/32
     9 | D        | Noticed a bag of meat
     9 | D        | Noticed a bag of meat
     9 | D        | Killed a bag of meat
     9 | D        | Acquired Makhleb's second power
     9 | D        | Reached skill level 15 in Axes
     9 | D        | Reached skill level 15 in Spellcasting
     9 | D        | Reached skill level 25 in Translocations
    10 | D        | Noticed a bag of meat
    10 | D        | Noticed a meat berserker
    11 | D        | Noticed a bag of meat
    11 | D        | Noticed a bag of meat
    11 | D        | Noticed a meat berserker
    11 | D        | Noticed a bag of meat
    11 | D        | Noticed a bag of meat
    11 | D        | Noticed a bag of meat
    11 | D        | Killed a bag of meat
    11 | D        | Reached skill level 26 in Translocations
    11 | D        | Reached XP level 16. HP: 101/157 MP: 3/34
    12 | D        | Noticed a bag of meat
    12 | D        | Noticed a bag of meat
    12 | D        | Killed a bag of meat
    12 | D        | Acquired Makhleb's third power
    13 | D        | Noticed a bag of meat
    13 | D        | Noticed a bag of meat
    13 | D        | Noticed a bag of meat
    13 | D        | Killed a meat berserker
    13 | D        | Reached skill level 27 in Translocations
    13 | D        | Reached XP level 17. HP: 164/173 MP: 4/37
    13 | D        | Killed a bag of meat
    14 | D        | Noticed a meat berserker
    14 | D        | Noticed a bag of meat
    14 | D        | Killed a bag of meat
    14 | D        | Acquired Makhleb's fourth power
    14 | D        | Killed a meat berserker
    14 | D        | Reached XP level 18. HP: 186/192 MP: 4/41
    15 | D        | Noticed a bag of meat
    15 | D        | Killed a bag of meat
    15 | D        | Acquired Makhleb's fifth power
    15 | D        | Noticed a bag of meat
    16 | D        | Killed a bag of meat
    16 | D        | Killed a bag of meat
    16 | D        | Reached XP level 19. HP: 202/205 MP: 4/43
    17 | D        | Noticed a meat berserker
    17 | D        | Noticed a meat berserker
    17 | D        | Killed a bag of meat
    17 | D        | Reached skill level 27 in Fighting
    17 | D        | Reached skill level 10 in Throwing
    17 | D        | Reached skill level 10 in Armour
    17 | D        | Killed a meat berserker
    17 | D        | Reached skill level 27 in Axes
    18 | D        | Noticed a meat berserker
    18 | D        | Killed a bag of meat
    19 | D        | Killed a bag of meat
    19 | D        | Reached XP level 20. HP: 216/216 MP: 5/48
    19 | D        | Killed a bag of meat
    20 | D        | Noticed a bag of meat
    20 | D        | Noticed a bag of meat
    20 | D        | Killed a bag of meat
    20 | D        | Reached skill level 27 in Spellcasting
    21 | D        | Noticed a bag of meat
    21 | D        | Killed a bag of meat
    21 | D        | Killed a meat berserker
    21 | D        | Reached skill level 27 in Dodging
    21 | D        | Reached XP level 21. HP: 224/224 MP: 6/51
    21 | D        | Killed a bag of meat
    22 | D        | Killed a bag of meat
    23 | D        | Killed a meat berserker
    23 | D        | Killed a bag of meat
    23 | D        | Reached XP level 22. HP: 233/233 MP: 6/52
    24 | D        | Noticed a bag of meat
    24 | D        | Noticed a destroyer
    24 | D        | Killed a meat berserker
    24 | D        | Reached skill level 27 in Throwing
    24 | D        | Reached skill level 27 in Armour
    25 | D        | Noticed a bag of meat
    25 | D        | Noticed a destroyer
    25 | D        | HP: 2/233 [destroyer/+9 great sword of slicing (49)]
    25 | D        | Mangled by a destroyer

Vault maps used:
D:        meatsprint

Action                   |  1- 3 |  4- 6 |  7- 9 | 10-12 | 13-15 | 16-18 | 19-21 | 22-24 || total
-------------------------+-------+-------+-------+-------+-------+-------+-------+-------++-------
Melee: Executioner's axe |     1 |       |       |       |     3 |     5 |     7 |     1 ||    17
